General information
			
			
        
        - name: jay3
 
        - type: Custom game
 
        - host: TALONSAREIMBA
 
        - saver: TALONSAREIMBA
 
        
map: TwistedMeadows 
        - players: 2
 
        - length: 15:50
 
        - speed: Fast
 - version: 1.22 W3XP
 - replay type:  Public
 
» download(70 KB)
Players
        team 1 (loser) 
              
              
TALONSAREIMBA (
pink | 130 APM | 2067 actions | 15:50)
              
 4 Goblin Alchemist 
 2 Acid Bomb
 2 Chemical Rage
 1 Keeper of the Grove 
 1 Entangling Roots
 
                » actions 
                
                | Assign group hotkey | 25 |  | 
| Basic commands | 147 |  | 
| Build / train | 66 |  | 
| Enter build submenu | 28 |  | 
| Enter hero's abilities submenu | 6 |  | 
| Right click | 836 |  | 
| Select / deselect | 577 |  | 
| Select group hotkey | 307 |  | 
| Use ability | 72 |  | 
                2067 total
 » units 
                
                | Wisp | 22 |  | 
| Huntress | 17 |  | 
| Faerie Dragon | 2 |  | 
| Dryad | 3 |  | 
| Druid of the Talon | 1 |  | 
                45 total
 » upgrades
                
                | Abolish Magic | 1 |  | 
| Druid of the Talon Training | 1 |  | 
                2 total
 » buildings
                
                | Moon Well | 5 |  | 
| Hunter's Hall | 1 |  | 
| Altar of Elders | 1 |  | 
| Ancient Protector | 1 |  | 
| Ancient of War | 1 |  | 
| Ancient of Wonders | 1 |  | 
| Tree of Life | 2 |  | 
| Tree of Ages | 1 |  | 
| Ancient of Lore | 1 |  | 
| Ancient of Wind | 1 |  | 
                15 total
 » build order
                00:03 Moon Well
00:08 Hunter's Hall
00:56 Altar of Elders
01:47 Ancient Protector
02:13 Ancient of War
02:44 Moon Well
03:55 Ancient of Wonders
04:34 Moon Well
06:38 Tree of Life
06:54 Tree of Life
07:04 Tree of Ages
07:30 Moon Well
12:29 Ancient of Lore
12:34 Ancient of Wind
14:43 Moon Well
» items
                
                | Lesser Clarity Potion | 3 |  | 
| Moonstone | 3 |  | 
| Dust of Appearance | 1 |  | 
| Scroll of Town Portal | 2 |  | 
| Potion of Healing | 1 |  | 
| Boots of Speed | 1 |  | 
                11 total
  
               team 2 (winner) 
              
              
ipractice2suck (
blue | 177 APM | 2810 actions | 15:50)
              
 4 Blademaster 
 2 Wind Walk
 2 Critical Strike
 3 Shadow Hunter 
 1 Hex
 2 Healing Wave
 
                » actions 
                
                | Assign group hotkey | 32 |  | 
| Basic commands | 18 |  | 
| Build / train | 73 |  | 
| Enter build submenu | 17 |  | 
| Enter hero's abilities submenu | 7 |  | 
| Give item / drop item | 8 |  | 
| Remove unit from queue | 4 |  | 
| Right click | 1253 |  | 
| Select / deselect | 360 |  | 
| Select group hotkey | 929 |  | 
| Use ability | 109 |  | 
                2810 total
 » units 
                
                | Peon | 8 |  | 
| Grunt | 7 |  | 
| Raider | 8 |  | 
| Wind Rider | -1 |  | 
| Kodo Beast | 2 |  | 
                24 total
 » upgrades
                
                | Ensnare | 1 |  | 
| Armor | 1 |  | 
| Witch Doctor Training | 1 |  | 
                3 total
 » buildings
                
                | Altar of Storms | 2 |  | 
| Orc Burrow | 5 |  | 
| Barracks | 1 |  | 
| Voodoo Lounge | 2 |  | 
| Stronghold | 3 |  | 
| Beastiary | 2 |  | 
| War Mill | 1 |  | 
| Great Hall | 1 |  | 
| Spirit Lodge | 1 |  | 
| Fortress | 3 |  | 
                21 total
 » build order
                00:09 Altar of Storms
00:11 Altar of Storms
00:20 Orc Burrow
00:34 Barracks
01:43 Orc Burrow
02:03 Voodoo Lounge
03:09 Stronghold
03:09 Stronghold
04:55 Voodoo Lounge
05:36 Beastiary
05:41 Orc Burrow
06:33 War Mill
09:55 Beastiary
09:57 Orc Burrow
13:10 Great Hall
13:16 Spirit Lodge
13:17 Fortress
13:18 Fortress
14:54 Orc Burrow
» items
                
                | Healing Salve | 5 |  | 
| Lesser Clarity Potion | 3 |  | 
| Boots of Speed | 1 |  | 
| Circlet of Nobility | 5 |  | 
| Scroll of Speed | 2 |  | 
                16 total
  
                Chat log
          
(09:26 / All) TALONSAREIMBA: if that dies
(09:32 / All) TALONSAREIMBA: im surprised
(15:50 / All) TALONSAREIMBA: gg